 Dungeon Crawl Stone Soup version 0.26-a0-812-g31a745ddcd (webtiles) character file.

Game seed: 4528984371632965880

75058 dmks the Black Belt (level 15, -9/106 HPs)
             Began as an Octopode Transmuter on Nov 13, 2020.
             Was a High Priest of Okawaru.
             Shot with an arrow by a centaur warrior (13 damage)
             ... on level 13 of the Dungeon on Nov 14, 2020.
             The game lasted 02:34:38 (50200 turns).

dmks the Black Belt (Octopode Transmuter)          Turns: 50200, Time: 02:34:39

Health: -9/106     AC:  1    Str: 11    XL:     15   Next: 48%
Magic:  22/27      EV: 29    Int: 22    God:    Okawaru [*****.]
Gold:   2260       SH:  0    Dex: 17    Spells: 17/30 levels left

rFire    + . .     SeeInvis +     - Unarmed
rCold    . . .     Faith    +   (shield currently unavailable)
rNeg     + . .     Spirit   .   (helmet restricted)
rPois    +         Reflect  .   F - amulet of Mixin {Faith rElec rPois rF+}
rElec    +         Harm     .   v - ring of wizardry
rCorr    +         Rampage  .   z - ring of see invisible
MR       ++...                  w - +4 ring of evasion
Stlth    +++++.....             q - ring of positive energy
HPRegen  0.27/turn              l - ring of protection from magic
MPRegen  0.20/turn              K - ring of resist corrosion
                                Q - +6 ring of intelligence
                                (no ring)

@: blade tentacles (expiring), heroism
A: almost no armour, stealthy swim, amphibious, 8 rings, constrict 8, camouflage
1, gelatinous body 1
a: End Transformation, Heroism, Finesse, Renounce Religion


You were on level 13 of the Dungeon.
You worshipped Okawaru.
Okawaru was extremely pleased with you.
You had blades for tentacles.
You visited 4 branches of the dungeon, and saw 22 of its levels.

You collected 2356 gold pieces.
You spent 96 gold pieces at shops.

Inventory:

Hand Weapons
 E - the +4 dagger "Morg" (melded) {pain, MR+ Int+5}
   (You took it off an orc on level 5 of the Dungeon)

   In the hands of one skilled in necromantic magic, it inflicts extra damage on
   living creatures.
   It affects your intelligence (+5).
   It affects your resistance to hostile enchantments.
 P - the +5 spear "Murmur" {venom, *Corrode +Fly rElec Str+4}
   (You took it off a spriggan on level 9 of the Dungeon)

   It poisons the flesh of those it strikes.
   It affects your strength (+4).
   It insulates you from electricity.
   It lets you fly.
   It may corrode you when you take damage.
 S - a +0 club
   (You took it off an orc on level 2 of the Orcish Mines)
Missiles
 h - 3 throwing nets (quivered) {!f}
Armour
 g - the +1 hat of the Unbroken {rF++ Regen+ Str-5}
   (Okawaru gifted it to you on level 3 of the Lair of Beasts)

   It affects your strength (-5).
   It greatly protects you from fire.
   It increases your rate of regeneration.
 p - a +2 kite shield of cold resistance
   (Okawaru gifted it to you on level 2 of the Orcish Mines)
 J - a +2 buckler of reflection (melded)
   (Okawaru gifted it to you on level 4 of the Lair of Beasts)
Jewellery
 e - an uncursed amulet of regeneration
   (You found it on level 6 of the Dungeon)
 l - a ring of protection from magic (on tentacle)
   (You found it on level 6 of the Dungeon)
 q - a ring of positive energy (on tentacle)
   (You found it on level 6 of the Dungeon)
 v - a ring of wizardry (left scythe-like blade)
   (You found it on level 1 of the Dungeon)
 w - a +4 ring of evasion (on tentacle)
   (You found it on level 3 of the Dungeon)
 z - a ring of see invisible (right scythe-like blade)
   (You found it on level 2 of the Dungeon)
 F - the amulet of Mixin (around mantle) {Faith rElec rPois rF+}
   (You found it on level 8 of the Dungeon)

   [amulet of faith]

   It allows you to gain divine favour quickly.
   It protects you from fire.
   It insulates you from electricity.
   It protects you from poison.
 K - a ring of resist corrosion (on tentacle)
   (You found it on level 1 of the Lair of Beasts)
 N - an uncursed amulet of guardian spirit {unknown}
   (You found it on level 6 of the Lair of Beasts)
 Q - a +6 ring of intelligence (on tentacle)
   (You found it on level 9 of the Dungeon)
Wands
 b - a wand of enslavement (18)
   (You found it on level 7 of the Dungeon)
 c - a wand of disintegration (31)
   (You found it on level 5 of the Dungeon)
 d - a wand of iceblast (6)
   (You found it on level 6 of the Dungeon)
 t - a wand of flame (58)
   (You took it off Dowan on level 6 of the Dungeon)
 u - a wand of paralysis (18)
   (You found it on level 8 of the Dungeon)
 x - a wand of acid (10)
   (You took it off a wight on level 11 of the Dungeon)
 y - a wand of polymorph (29)
   (You found it on level 6 of the Dungeon)
 H - a wand of random effects (12)
   (You found it on level 10 of the Dungeon)
Scrolls
 i - 3 scrolls of blinking
 j - 3 scrolls of enchant armour
 m - 4 scrolls of fear
 n - 9 scrolls of remove curse {@r2}
 s - 10 scrolls of teleportation {@r4}
 G - 6 scrolls of enchant weapon
 I - 2 scrolls of amnesia
 T - 2 scrolls of identify {@r1}
 U - a scroll of holy word {unknown}
 V - a scroll of vulnerability {unknown}
Potions
 a - 2 potions of curing {@q1}
 f - a potion of haste {@q3}
 k - 6 potions of brilliance
 o - 10 potions of attraction {!q}
 r - 2 potions of mutation {!q}
 B - 3 potions of flight
 C - 2 potions of ambrosia
 D - 3 potions of berserk rage
 L - 2 potions of resistance
 M - 2 potions of cancellation
 O - a potion of magic
 R - a potion of lignification {!q}


   Skills:
 + Level 11.0(16.0) Fighting
 + Level 10.4(15.4) Dodging
 - Level 3.0(8.0) Stealth
 * Level 15.1(20.1) Unarmed Combat
 + Level 8.3 Spellcasting
 + Level 10.8 Transmutations
 - Level 4.5 Ice Magic
 - Level 4.0 Poison Magic
 - Level 8.6 Invocations


You had 17 spell levels left.
You knew the following spells:

 Your Spells              Type           Power        Failure   Level
a - Beastly Appendage     Tmut           ######       2%          1
b - Blade Hands           Tmut           ######....   9%          5
c - Ice Form              Ice/Tmut       #####...     11%         4
x - Spider Form           Tmut/Pois      #####.....   6%          3

Your spell library contained the following spells:

 Spells                   Type           Power        Failure   Level
 Wereblood                Tmut           ######..     3%          2
 Ignite Poison            Fire/Tmut/Pois ####....     10%         3
 Petrify                  Tmut/Erth      ####....     17%         4
 Confusing Touch          Hex            #.......     32%         3
 Gell's Gravitas          Tloc           #.........   32%         3
 Static Discharge         Conj/Air       #.......     32%         3
 Yara's Violent Unravell  Hex/Tmut       ####......   32%         5
 Metabolic Englaciation   Hex/Ice        ###.......   63%         5
 Fireball                 Conj/Fire      #.........   86%         5
 Lightning Bolt           Conj/Air       #.........   86%         5
 Starburst                Conj/Fire      #.........   100%        6
 Ignition                 Fire           #.........   100%        8
 Shatter                  Erth           #.........   100%        9
 Tornado                  Air            #.........   100%        9


Dungeon Overview and Level Annotations

Branches:
Dungeon (13/15)            Temple (1/1) D:5            Lair (6/6) D:10
  Swamp (0/4) Lair:4       Shoals (0/4) Lair:4        Slime (0/5) Lair:5
    Orc (2/2) D:11            Elf (0/3) Orc:2
 Vaults: D:13-14

Altars:
Ashenzari
Cheibriados
Dithmenos
Elyvilon
Fedhas
Gozag
Hepliaklqana
Kikubaaqudgha
Makhleb
Nemelex Xobeh
Okawaru
Qazlal
Ru
Sif Muna
Trog
Uskayaw
Vehumet
Wu Jian
Xom
Yredelemnul
Zin
The Shining One
Beogh
Lugonu

Shops:
D:4 :=*:   D:5 (   Orc:1 *   Orc:2 ?[(!

Annotations:
D:9 , 2 transporters
D:12 2 exclusions, Rupert


Innate Abilities, Weirdness & Mutations

You cannot wear most types of armour.
You are very stealthy in the water. (Stealth+)
You are amphibious.
You can wear up to eight rings at the same time.
You can use your tentacles to constrict eight enemies at once.
Your skin changes colour to match your surroundings (Stealth+).
Your rubbery body absorbs attacks. (AC +1, EV +1)


Message History

The centaur unwields a +0 shortbow.
The centaur misses you.
The centaur shoots an arrow.
The arrow completely misses you.
There is an open door, spattered with blood here.
You see here an arrow.
You shred the centaur!!!
You kill the centaur!
Okawaru accepts your kill.
Your transformation is almost over.
The centaur warrior shoots an arrow.
The arrow hits you!
The manticore flicks its tail.
The volley of spikes hits you!
The barbed spikes become lodged in your body.
The centaur shoots an arrow.
The arrow misses you.
The barbs in your skin will harm you if you move.
Continue?
Okay, then.
You gain the combat prowess of a mighty hero.
The centaur warrior shoots an arrow.
The arrow hits you!
* * * LOW HITPOINT WARNING * * *
The centaur shoots an arrow.
The arrow completely misses you.
The centaur warrior shoots an arrow.
The arrow hits you!!
* * * LOW HITPOINT WARNING * * *
Okay, then.
You feel much better.
The centaur shoots an arrow.
The arrow barely misses you.
You hit the manticore but do no damage. You slash the manticore!
The centaur shoots an arrow.
The arrow barely misses you.
The centaur warrior shoots an arrow.
The arrow misses you. The manticore bites you.
* * * LOW HITPOINT WARNING * * *
The manticore claws you!
* * * LOW HITPOINT WARNING * * *
The manticore completely misses you.
You hit the manticore but do no damage.
The centaur shoots an arrow.
The arrow closely misses you.
The centaur warrior shoots an arrow.
The arrow closely misses you.
You slice the manticore!! You squeeze the manticore.
The manticore completely misses you. x2; The manticore closely misses you.
The centaur shoots an arrow.
The arrow completely misses you.
The centaur warrior shoots an arrow.
The arrow hits you!!
* * * LOW HITPOINT WARNING * * *
Unknown command.
You hit the manticore.
You carefully extract the barbed spikes from your body.
The centaur shoots an arrow.
The arrow completely misses you. The manticore bites you!!
* * * LOW HITPOINT WARNING * * *
The manticore claws you.
* * * LOW HITPOINT WARNING * * *
The manticore barely misses you.
The centaur warrior shoots an arrow.
The arrow hits you!
You die...

(.. ...# ... c... #..#
... ....##.c## ## ...
......... ..# ..
.......(# ..# ..
......(.##..#
............##.
......((H......
#+#####@##..... ###+####
..####.<##+###+##.......
.......(#>..............
........#...............
..##....#...............
# #..(..................
#.###..####...........
#......# #....#######
#......# #..>.#


You could see a centaur warrior, a manticore and a centaur.

Vanquished Creatures
  Saint Roka (Orc:2)
  A stone giant (Orc:2)
  5 hydras
  The ghost of slayr the Carver, a journeyman BaSu of Okawaru (D:9)
  Harold (D:7)
  3 catoblepae (Lair:6)
  2 two-headed ogres
  A queen ant (D:11)
  18 death yaks
  Urug (D:11)
  Sonja (D:10)
  A fire crab (Lair:4)
  A bog body (Lair:4)
  7 orc knights
  2 cyclopes
  2 manticores (Lair:6)
  Maurice (D:9)
  23 elephants
  3 orc sorcerers (Orc:2)
  2 black mambas
  A molten gargoyle (Lair:4)
  2 centaur skeletons
  12 cane toads
  5 komodo dragons
  4 rime drakes
  2 ice devils (Orc:2)
  2 hornets
  4 trolls
  A polar bear (D:9)
  A snapping turtle (Lair:4)
  12 blink frogs
  34 yaks
  2 spriggans (D:9)
  6 wyverns
  A fire elemental (Lair:5)
  Eustachio (D:5)
  3 basilisks
  12 wargs
  Menkaure (D:4)
  8 soldier ants (D:11)
  14 water moccasins
  Duvessa (D:6)
  An ice beast (D:10)
  40 orc warriors
  8 sky beasts
  A black bear (Lair:1)
  3 phantoms
  12 ogres
  5 centaurs
  6 wolves
  Blork the orc (D:5)
  2 big kobolds
  17 bullfrogs
  Dowan (D:6)
  2 scorpions
  4 wights
  3 killer bees (D:7)
  3 howler monkeys
  4 electric eels
  2 quasits
  3 bullfrog zombies
  6 hounds
  A bullfrog skeleton (D:5)
  24 orc priests
  2 jellies
  36 orc wizards
  Jessica (D:2)
  2 iguanas
  Natasha (twice) (D:4)
  A killer bee zombie (D:5)
  33 worker ants
  A hound zombie (D:7)
  A hound skeleton (D:7)
  3 worker ant zombies
  Robin (D:3)
  A river rat (D:6)
  12 adders
  A shadow imp (D:9)
  6 white imps
  4 ufetubi
  An ooze (D:4)
  3 adder skeletons
  2 adder zombies (D:8)
  2 worms (D:2)
  6 leopard geckos
  136 orcs
  4 giant cockroaches
  30 goblins
  6 hobgoblins
  24 jackals
  17 kobolds
  10 quokkas
  4 ball pythons
  10 bats
  9 frilled lizards
  A leopard gecko skeleton (D:4)
  2 quokka skeletons
  7 rats
  A butterfly (Lair:1)
737 creatures vanquished.

Vanquished Creatures (others)
  A wight (D:11)
  An orc (Orc:1)
  35 fungi
  105 plants
142 creatures vanquished.

Grand Total: 879 creatures vanquished

Notes
Turn   | Place    | Note
-------+----------+-------------------------------------------
     0 | D:1      | dmks the Octopode Transmuter began the quest for the Orb.
     0 | D:1      | Reached XP level 1. HP: 13/13 MP: 3/3
   188 | D:1      | Reached XP level 2. HP: 10/18 MP: 5/5
  1054 | D:1      | Reached XP level 3. HP: 16/23 MP: 6/6
  2094 | D:2      | Reached skill level 4 in Unarmed Combat
  2094 | D:2      | Reached XP level 4. HP: 29/29 MP: 5/7
  2230 | D:2      | Reached skill level 1 in Stealth
  2583 | D:2      | Noticed Jessica
  2590 | D:2      | Killed Jessica
  2593 | D:2      | Reached XP level 5. HP: 23/34 MP: 6/8
  3708 | D:3      | Found a faded altar of an unknown god.
  3713 | D:3      | Noticed Robin
  4091 | D:3      | Killed Robin
  4594 | D:3      | Reached XP level 6. HP: 41/41 MP: 9/9
  4879 | D:4      | Reached skill level 5 in Unarmed Combat
  5021 | D:4      | Found Titria's Jewellery Emporium.
  5022 | D:4      | Found Nyopnisk's Book Emporium.
  5022 | D:4      | Found Ekeamem's Book Emporium.
  5024 | D:4      | Found Qimam's Assorted Antiques.
  5757 | D:4      | Reached XP level 7. HP: 34/46 MP: 8/10
  5950 | D:4      | Noticed Natasha
  6021 | D:3      | Learned a level 3 spell: Spider Form
  6205 | D:4      | Killed Natasha
  6323 | D:4      | Noticed Menkaure
  6364 | D:5      | Entered Level 5 of the Dungeon
  6378 | D:5      | Noticed Eustachio
  6418 | D:5      | Reached skill level 1 in Poison Magic
  6569 | D:5      | Reached skill level 6 in Unarmed Combat
  7214 | D:5      | Reached XP level 8. HP: 54/54 MP: 8/11
  7662 | D:6      | Found a snail-covered altar of Cheibriados.
  7819 | D:6      | Noticed Dowan
  7820 | D:6      | Noticed Duvessa
  7840 | D:6      | Killed Duvessa
  7844 | D:6      | Killed Dowan
  7925 | D:6      | Reached skill level 7 in Unarmed Combat
  8068 | D:5      | Noticed Blork the orc
  8081 | D:5      | Killed Blork the orc
  8155 | D:5      | Found Vitzerghi's Weapon Shop.
  8192 | D:5      | Found a blossoming altar of Fedhas.
  8249 | D:5      | Found a staircase to the Ecumenical Temple.
  8255 | Temple   | Entered the Ecumenical Temple
  8380 | Temple   | Became a worshipper of Warmaster Okawaru
  8467 | D:5      | Killed Eustachio
  8467 | D:5      | Reached skill level 5 in Dodging
  8622 | D:5      | Reached XP level 9. HP: 45/60 MP: 8/12
  8874 | D:5      | Learned a level 4 spell: Ice Form
  9101 | D:4      | Noticed Natasha
  9111 | D:4      | Killed Natasha
  9144 | D:4      | Killed Menkaure
  9144 | D:4      | Reached skill level 5 in Fighting
  9746 | D:6      | Reached * piety under Okawaru
  9746 | D:6      | Reached skill level 1 in Ice Magic
  9784 | D:6      | Reached skill level 8 in Unarmed Combat
  9958 | D:6      | Found a shimmering blue altar of Sif Muna.
  9959 | D:6      | Found a bloodstained altar of Trog.
  9999 | D:6      | Found a radiant altar of Vehumet.
 11018 | D:8      | Noticed Harold
 11025 | D:8      | Paralysed by Harold for 6 turns
 11210 | D:8      | Reached skill level 5 in Transmutations
 11381 | D:8      | Found an ornate altar of the Wu Jian Council.
 11388 | D:8      | Found a bloodstained altar of Trog.
 11427 | D:8      | Found a basalt altar of Yredelemnul.
 11499 | D:8      | Found a stormy altar of Qazlal.
 11665 | D:8      | Found a shadowy altar of Dithmenos.
 11674 | D:8      | Reached ** piety under Okawaru
 11727 | D:8      | Reached skill level 9 in Unarmed Combat
 11727 | D:8      | Reached XP level 10. HP: 36/68 MP: 10/13
 12092 | D:8      | Found a broken altar of Ashenzari.
 12172 | D:8      | Got a vibrating ruby amulet
 12183 | D:8      | Identified the amulet of Mixin {Faith rElec rPois rF+} (You
                  | found it on level 8 of the Dungeon)
 12571 | D:8      | Reached *** piety under Okawaru
 13018 | D:9      | Found a sacrificial altar of Ru.
 13178 | D:9      | Noticed a two-headed ogre
 13199 | D:9      | Killed a two-headed ogre
 13199 | D:9      | Reached skill level 10 in Unarmed Combat
 13526 | D:9      | Noticed slayr's ghost (journeyman BaSu)
 13527 | D:9      | Found a runed translucent door.
 13527 | D:9      | Identified the +5 spear "Murmur" {venom, *Corrode +Fly
                  | rElec Str+4}
 13617 | D:9      | Found a burning altar of Makhleb.
 13705 | D:9      | Reached **** piety under Okawaru
 13706 | D:9      | Found a transporter.
 13706 | D:9      | Noticed a cyan ugly thing
 13708 | D:9      | Noticed a brown ugly thing
 13716 | D:9      | Noticed a green ugly thing
 13719 | D:9      | Found a corrupted altar of Lugonu.
 13719 | D:9      | Noticed a white ugly thing
 13782 | D:9      | Found a glowing silver altar of Zin.
 13782 | D:9      | Found a white marble altar of Elyvilon.
 13783 | D:9      | Found a glowing golden altar of the Shining One.
 13790 | D:9      | Noticed Maurice
 14058 | D:9      | Found a transporter.
 14126 | D:9      | Reached skill level 1 in Invocations
 15093 | D:10     | Entered Level 10 of the Dungeon
 15298 | D:10     | Found a staircase to the Lair.
 15357 | D:10     | Reached XP level 11. HP: 51/75 MP: 13/15
 15550 | D:10     | Noticed Sonja
 16800 | Lair:1   | Entered Level 1 of the Lair of Beasts
 17154 | Lair:1   | Reached ***** piety under Okawaru
 19049 | Lair:2   | Noticed a six-headed hydra
 19064 | Lair:2   | Killed a six-headed hydra
 19064 | Lair:2   | Reached skill level 11 in Unarmed Combat
 20753 | Lair:3   | Noticed a death yak
 20754 | Lair:3   | Noticed a death yak
 20755 | Lair:3   | Noticed a death yak
 20755 | Lair:3   | Noticed a death yak
 20756 | Lair:3   | Noticed a death yak
 20850 | Lair:3   | Noticed a death yak
 20858 | Lair:2   | Killed a death yak
 21210 | Lair:3   | Received a gift from Okawaru
 21213 | Lair:3   | Got a faintly glowing hat {god gift}
 21222 | Lair:3   | Reached XP level 12. HP: 46/82 MP: 13/18
 21256 | Lair:2   | Identified the +1 hat of the Unbroken {rF++ Regen+ Str-5}
                  | (Okawaru gifted it to you on level 3 of the Lair of Beasts)
 21739 | Lair:2   | Killed a death yak
 21924 | Lair:3   | Killed a death yak
 22258 | Lair:2   | Killed a death yak
 22511 | Lair:2   | Killed a death yak
 22511 | Lair:2   | Reached skill level 5 in Invocations
 22664 | Lair:3   | Killed a death yak
 22664 | Lair:3   | Reached skill level 12 in Unarmed Combat
 23718 | Lair:4   | Found a staircase to the Swamp.
 24185 | Lair:4   | Reached skill level 5 in Spellcasting
 24499 | Lair:4   | Reached ****** piety under Okawaru
 25212 | Lair:4   | Received a gift from Okawaru
 25384 | Lair:3   | Learned a level 5 spell: Blade Hands
 25737 | Lair:4   | Found a staircase to the Shoals.
 25854 | Lair:4   | Noticed a four-headed hydra
 25863 | Lair:4   | Killed an eight-headed hydra
 25863 | Lair:4   | Reached XP level 13. HP: 85/90 MP: 8/21
 26698 | Lair:5   | Found a staircase to the Slime Pits.
 26773 | Lair:6   | Entered Level 6 of the Lair of Beasts
 28231 | Lair:5   | Reached skill level 13 in Unarmed Combat
 29260 | Lair:5   | Received a gift from Okawaru
 30896 | Lair:6   | Received a gift from Okawaru
 30897 | Lair:6   | Got a scorched hunting sling {god gift}
 31572 | Lair:6   | Reached XP level 14. HP: 85/98 MP: 17/23
 32274 | Lair:6   | Received a gift from Okawaru
 33070 | Lair:6   | Reached skill level 10 in Fighting
 33907 | Lair:6   | Reached skill level 14 in Unarmed Combat
 34716 | Lair:6   | Reached skill level 10 in Transmutations
 34978 | Lair:6   | Received a gift from Okawaru
 35727 | D:10     | Killed Sonja
 36150 | D:9      | Killed Maurice
 36239 | D:9      | Killed slayr's ghost
 36239 | D:9      | Received a gift from Okawaru
 36537 | D:7      | Paralysed by Harold for 2 turns
 36542 | D:7      | Killed Harold
 37519 | D:11     | Found a staircase to the Orcish Mines.
 37712 | Orc:1    | Entered Level 1 of the Orcish Mines
 37712 | Orc:1    | Found a roughly hewn altar of Beogh.
 37731 | D:11     | Noticed Urug
 38106 | D:11     | Killed Urug
 41748 | Orc:1    | Found Nowkio's Assorted Antiques.
 42622 | Orc:1    | Reached XP level 15. HP: 100/105 MP: 21/26
 42826 | Orc:2    | Entered Level 2 of the Orcish Mines
 43337 | Orc:2    | Found a staircase to the Elven Halls.
 43865 | Orc:1    | Reached skill level 10 in Dodging
 45120 | Orc:2    | Found a roughly hewn altar of Beogh.
 45139 | Orc:2    | Found Ywnama's Magic Scroll Shoppe.
 45483 | Orc:2    | Found a roughly hewn altar of Beogh.
 46022 | Orc:2    | Found a roughly hewn altar of Beogh.
 46025 | Orc:2    | Found Hoybatra's Distillery.
 46101 | Orc:2    | Found a roughly hewn altar of Beogh.
 46690 | Orc:2    | Found a roughly hewn altar of Beogh.
 47120 | Orc:2    | Found Jizan's Antique Weapon Boutique.
 47121 | Orc:2    | Found a roughly hewn altar of Beogh.
 47122 | Orc:2    | Found Yngu's Antique Armour Shop.
 47122 | Orc:2    | Noticed Saint Roka
 47381 | Orc:1    | Found a bloodstained altar of Trog.
 47635 | Orc:2    | Paralysed by an orc sorcerer for 3 turns
 47832 | Orc:2    | Reached skill level 15 in Unarmed Combat
 48939 | Orc:2    | Killed Saint Roka
 48939 | Orc:2    | Received a gift from Okawaru
 49193 | Orc:2    | Bought a scroll of identify for 32 gold pieces
 49193 | Orc:2    | Bought a scroll of identify for 32 gold pieces
 49193 | Orc:2    | Bought a scroll of identify for 32 gold pieces
 49613 | D:12     | Noticed Rupert
 50200 | D:13     | HP: 5/106 [manticore (20)]
 50200 | D:13     | Shot with an arrow by a centaur warrior

Illustrated notes

Levels and vault maps discovered:
D:1:      kilobyte_arrival_exit_the_forest, layout_rooms
D:2:      layout_basic, supply_closet_lemuel, uniq_jessica
D:3:      layout_basic, chequers_ecumenical_altar_simple, minmay_mini_jars,
          uniq_robin
D:4:      layout_rooms, minmay_shop_grid_forest, roderic_roman_lattice,
          minmay_between, uniq_menkaure, uniq_natasha
D:5:      layout_basic, kennysheep_mini, minmay_temple_entry_statues_pillars,
          serial_shops, shop, uniq_eustachio, uniq_blork_the_orc
D:6:      layout_basic, cheibriados_altar_1, lemuel_round_altar,
          nicolae_overflow_hidden_temple, portal_sewer_entry_a,
          minmay_quadrilaterals, uniq_duvessa
D:7:      layout_loops_ring
D:8:      layout_cave_pools, kennysheep_little_box, kennysheep_mini_moat,
          grunt_dithmenos_shadows, overflow_temple_1_default,
          evilmike_ruin_ashenzari, grunt_decor_one_mirror,
          trog_three_pillars_becter, uniq_harold
D:9:      gammafunk_corrupted_shrine, layout_loops_corners,
          good_gods_mini_temple, ebering_ghost_funeral_grove, basic_altar,
          nicolae_ru_sacrificial_ziggurat, uniq_maurice
D:10:     layout_layer_cave, erik_lair_orcish_takeover, hex_large, uniq_sonja
D:11:     layout_basic, erik_orc_4, zaba_antful_of_joy, uniq_urug
D:12:     layout_roguey, uniq_rupert
D:13:     layout_gridville, basic_altar
Temple:   nicolae_temple_figure_zero
Lair:1:   layout_gridlike, lemuel_fruit_fields
Lair:2:   layout_small_grid, grunt_megastairs_4
Lair:3:   layout_roguey, serial_bayou_shore_a, grunt_megastairs_1
Lair:4:   layout_cellular_growth, skrybe_swamp_entry_bodies,
          minmay_shoals_entry_hut, grunt_megastairs_2, serial_bayou_shore_b
Lair:5:   layout_gridlike, dpeg_slime_entry_corner, infiniplex_staircase_pool,
          serial_bayou_shore_b
Lair:6:   evilmike_catoblepas_cave, layout_small_grid, serial_bayou_pond_a,
          st_stairs_7
Orc:1:    layout_diamond_mine, basic_altar, serial_shops, nicolae_shop_stone,
          trog_book
Orc:2:    grunt_orc_community_town_hall, layout_caves,
          grunt_orc_community_big_house_1, grunt_orc_community_big_house_2,
          grunt_orc_community_house_1, grunt_orc_community_house_2,
          grunt_orc_community_house_3, grunt_orc_community_house_1,
          portal_ice_cave_demonic_guard

Skill      XL: |  1  2  3  4  5  6  7  8  9 10 11 12 13 14 15 |
---------------+----------------------------------------------+-----
Unarmed Combat | 4 5 6 7 9 10 11 12 13 14 15 | 15.1
Fighting       | 2 3 4 5 7 8 9 10 11 | 11.0
Stealth        | 1 2 3 |  3.0
Dodging        | 3 4 5 6 8 9 10 | 10.4
Poison Magic   | 2 3 4 |  4.0
Transmutations | 3 4 5 6 7 8 9 10 | 10.8
Ice Magic      | 3 4 |  4.5
Invocations    | 1 4 6 7 8 |  8.6
Spellcasting   | 4 5 6 7 8 |  8.3

Action                   |  1- 3 |  4- 6 |  7- 9 | 10-12 | 13-15 || total
-------------------------+-------+-------+-------+-------+-------++-------
Melee: Unarmed           |    75 |   200 |   383 |   513 |   814 ||  1985
       Constrict         |    22 |    56 |    13 |     8 |   121 ||   220
       Kick              |    10 |    24 |     3 |       |       ||    37
       Tentacles         |    10 |    36 |    13 |    16 |   146 ||   221
       Punch             |     3 |     2 |     2 |     6 |    89 ||   102
       Dagger            |       |       |     9 |    37 |   147 ||   193
Throw: Throwing net      |       |       |       |       |     1 ||     1
 Cast: Beastly Appendage |    19 |    24 |     5 |     2 |       ||    50
       Spider Form       |       |       |    70 |    48 |     2 ||   120
       Ice Form          |       |       |       |    55 |    20 ||    75
       Blade Hands       |       |       |       |     5 |   141 ||   146
Invok: Heroism           |       |       |     1 |    12 |    22 ||    35
       Finesse           |       |       |       |     2 |     6 ||     8
Evoke: Wand              |       |       |       |       |    13 ||    13
  Use: Scroll            |       |       |     9 |    12 |     3 ||    24
       Potion            |       |       |     1 |     2 |     3 ||     6
 Stab: Sleeping          |     6 |    10 |     1 |     4 |     8 ||    29
       Distracted        |       |     1 |     3 |       |     2 ||     6
Armor: Skin              |     1 |    18 |     8 |    31 |    18 ||    76
Dodge: Dodged            |    60 |   158 |   390 |   503 |   979 ||  2090
Block: Buckler           |       |       |       |     1 |    66 ||    67
       Reflection        |       |       |       |       |    11 ||    11

Table legend: (Time is in decaauts)
 A = Elapsed time spent in this place.
 B = Non-inter-level travel time spent in this place.
 C = Inter-level travel time spent in this place.
 D = Time resting spent in this place.
 E = Time spent auto-exploring this place.
 F = Levels seen in this place.
 G = Mean time per level.
                   A        B        C        D        E       F      G
               +--------+--------+--------+--------+--------+-----+--------+
         Total |  49903 |  49281 |    622 |  22686 |  14230 |  22 | 2268.3 |
       Dungeon |  23757 |  23324 |    433 |   8874 |   8636 |  13 | 1827.5 |
        Temple |    137 |    125 |     12 |      0 |    107 |   1 |  137.0 |
          Lair |  18784 |  18662 |    122 |   9551 |   4219 |   6 | 3130.7 |
  Orcish Mines |   7224 |   7170 |     54 |   4260 |   1268 |   2 | 3612.0 |
               +--------+--------+--------+--------+--------+-----+--------+

Top non-repeatable levels by time:
   Orc:2: 5515 daAuts
  Lair:6: 4758 daAuts
    D:11: 4458 daAuts
  Lair:5: 3614 daAuts
  Lair:2: 3424 daAuts
  Lair:3: 2935 daAuts
    D:10: 2912 daAuts
  Lair:4: 2393 daAuts
     D:9: 2162 daAuts
     D:5: 2064 daAuts
     D:3: 1990 daAuts
     D:2: 1886 daAuts
     D:8: 1807 daAuts
   Orc:1: 1708 daAuts
  Lair:1: 1658 daAuts
